 Dungeon Crawl Stone Soup version 0.30-a0-170-g85af917532 (webtiles) character file.

Game seed: 647945240870672337

503 qw the Chopper (level 7, -6/44 HPs)
             Began as a Gargoyle Fighter on Sept 30, 2022.
             Mangled by an ogre
             ... wielding a +0 giant club
              (17 damage)
             ... on level 4 of the Dungeon.
             The game lasted 00:01:11 (3727 turns).

qw the Chopper (Gargoyle Fighter)                   Turns: 3727, Time: 00:01:12

Health: -6/44      AC: 20    Str: 22    XL:     7   Next: 17%
Magic:  7/7        EV:  7    Int:  8    God:
Gold:   161        SH:  4    Dex:  9    Spells: 6/6 levels left

rFire   . . .      SeeInvis .    Y - +0 war axe
rCold   . . .      Faith    .    c - +0 buckler
rNeg    + . .      Spirit   .    i - +0 chain mail
rPois   inf        Reflect  .    m - +2 helmet
rElec   +          Harm     .    (no cloak)
rCorr   .          Rampage  .    (no gloves)
Will    .....                    h - +2 pair of boots
Stlth   ..........               (no amulet)
HPRegen 0.14/turn                (no ring)
MPRegen 0.10/turn                (no ring)

@: no status effects
A: sickness immunity, AC +4, negative energy resistance 1, electricity
resistance, torment resistance 1, petrification resistance
a: no special abilities


You were on level 4 of the Dungeon.
You visited 1 branch of the dungeon, and saw 4 of its levels.

You collected 216 gold pieces.
You spent 55 gold pieces at shops.


Innate Abilities, Weirdness & Mutations

You are immune to sickness and miasma.
Your stone body is resilient. (AC +4)
You are immune to poison.
You resist negative energy. (rN+)
You are resistant to electric shocks. (rElec)
You are resistant to unholy torment.
You are immune to petrification.


   Skills:
 - Level 4.5 Fighting
 - Level 6.1 Axes
 - Level 1.2 Throwing
 - Level 3.2 Armour
 + Level 0.0 Dodging
 - Level 3.2 Shields


You had 6 spell levels left.
You didn't know any spells.
Your spell library was empty.

Inventory:

Hand Weapons
 r - a +0 flail
 Y - a +0 war axe (weapon)
Missiles
 l - a boomerang
 s - a javelin (quivered)
Armour
 c - a +0 buckler (worn)
 h - a +2 pair of boots (worn)
 i - a +0 chain mail (worn)
 m - a +2 helmet (worn)
Scrolls
 g - a scroll of noise {unknown}
 j - a scroll of enchant armour
 p - 3 scrolls of identify
Potions
 a - a potion of haste
 b - a potion of invisibility {unknown}
 d - a potion of might
 e - a potion of mutation {unknown}
 f - a potion of degeneration {unknown}
 k - a potion of curing {unknown}
 n - a potion of resistance {unknown}
 o - a potion of lignification
 q - 2 potions of heal wounds {unknown}

Dungeon Overview and Level Annotations

Branches:
Dungeon (4/15)
 Temple: D:4-7

Altars:

Shops:
D:4 *


Message History

n - a bubbling amethyst potion
Found a stone staircase leading down.
s - 3 javelins
p - 3 scrolls of identify (gained 1)
You open the door.
There is an open door here.
A hobgoblin comes into view.
The hobgoblin shouts!
You hear a shout!
Enter note: Throw: 3 javelins
Press: ? - help, Q - select action, (/) - cycle Shift-Dir - straight line, f - hobgoblin You throw a javelin.
The javelin pierces through the hobgoblin!
You kill the hobgoblin!
An ogre comes into view. It is wielding a +0 giant club.
Throw: 2 javelins
Press: ? - help, Q - select action, (/) - cycle Shift-Dir - straight line, f - ogre You throw a javelin.
The javelin pierces through the ogre.
The ogre is lightly wounded.
You closely miss the ogre.
The ogre is lightly wounded.
The ogre hits you with a +0 giant club!!
You hit the ogre.
The ogre is lightly wounded.
The ogre hits you with a +0 giant club!
You barely miss the ogre.
The ogre is lightly wounded.
You block the ogre's attack.
You barely miss the ogre.
The ogre is lightly wounded.
The ogre hits you but does no damage.
You slash the ogre!
The ogre is moderately wounded.
You slash the ogre!
The ogre is severely wounded.
The ogre barely misses you.
You hit the ogre.
The ogre is almost dead.
The ogre hits you with a +0 giant club!
You die...

......'................).........
....###..........###....######...
..### ##.......#.# ##.#. #... .##
##.....##.# ###. #... .##
##...###.# .. #... ..# ##'## #.#
#. #... ..# #.# #.# #. ##.. ..#
#.# #.##.###. ##. .## ##.##
#@O....(. #. .# ##...######(####
#. .# #.....# # #.
.#########...## #.
..........#.##### #.
#########........ #. ######### ##


You could see an ogre.

Vanquished Creatures
  Menkaure (D:4)
  2 black bears (D:4)
  A scorpion (D:3)
  An iguana (D:4)
  3 gnolls (D:2)
  An adder (D:4)
  3 worms (D:2)
  An orc (D:4)
  10 endoplasms
  2 giant cockroaches (D:1)
  7 goblins
  9 hobgoblins
  4 jackals (D:1)
  4 quokkas
  6 ball pythons
  3 bats
  7 frilled lizards
  6 kobolds
  4 rats (D:1)
75 creatures vanquished.

Vanquished Creatures (others)
  A fungus (D:1)
  A plant (D:1)
2 creatures vanquished.

Grand Total: 77 creatures vanquished

Notes
Turn   | Place    | Note
-------+----------+-------------------------------------------
     0 | D:1      | qw the Gargoyle Fighter began the quest for the Orb.
     0 | D:1      | Reached XP level 1. HP: 14/14 MP: 1/1
     0 | D:1      | 0 ||| qw: Version: 0.2-a-12-gaebbb33
     0 | D:1      | 0 ||| qw: Game counter: 1595
     0 | D:1      | 0 ||| qw: Always use a shield: true
     0 | D:1      | 0 ||| qw: God list: Okawaru
     0 | D:1      | 0 ||| qw: Allow faded altars: false
     0 | D:1      | 0 ||| qw: Do Orc after D:15 true
     0 | D:1      | 0 ||| qw: Do second Lair branch before Depths: true
     0 | D:1      | 0 ||| qw: Lair rune preference: random
     0 | D:1      | 0 ||| qw: Plans: Normal, Zot:1-4, God:TSO, Crypt, Tomb,
                  | Pan, Slime:5, Hells, Abyss, Orb
     0 | D:1      | 0 ||| PLANNING D:1-11
    64 | D:1      | Reached skill level 2 in Axes
   164 | D:1      | 164 ||| Stepping ~*~*~tactically~*~*~ (stealth).
   239 | D:1      | 239 ||| DROPPING +0 club.
   268 | D:1      | Reached XP level 2. HP: 11/19 MP: 2/2
   314 | D:1      | 314 ||| Stepping ~*~*~tactically~*~*~ (stealth).
   443 | D:1      | Found a faded altar of an unknown god.
   461 | D:1      | 461 ||| Stepping ~*~*~tactically~*~*~ (stealth).
   463 | D:1      | 463 ||| Stepping ~*~*~tactically~*~*~ (stealth).
   510 | D:1      | 510 ||| Stepping ~*~*~tactically~*~*~ (stealth).
   518 | D:1      | 518 ||| Stepping ~*~*~tactically~*~*~ (stealth).
   550 | D:1      | 550 ||| Stepping ~*~*~tactically~*~*~ (stealth).
   556 | D:1      | 556 ||| Stepping ~*~*~tactically~*~*~ (stealth).
   573 | D:1      | Reached skill level 3 in Axes
   598 | D:1      | Reached XP level 3. HP: 20/23 MP: 3/3
  1209 | D:1      | 1209 ||| UPGRADING to +1 pair of boots.
  1214 | D:1      | 1214 ||| READING scroll labelled LETUOPR HUSAT.
  1315 | D:1      | 1315 ||| READING scroll labelled QYS OTISUTIAF.
  1614 | D:2      | 1614 ||| Stepping ~*~*~tactically~*~*~ (stealth).
  1618 | D:2      | Reached XP level 4. HP: 20/28 MP: 4/4
  1628 | D:2      | 1628 ||| Stepping ~*~*~tactically~*~*~ (stealth).
  1631 | D:2      | 1631 ||| Stepping ~*~*~tactically~*~*~ (stealth).
  1655 | D:2      | 1655 ||| Stepping ~*~*~tactically~*~*~ (stealth).
  1656 | D:2      | 1656 ||| Stepping ~*~*~tactically~*~*~ (stealth).
  1657 | D:2      | 1657 ||| Stepping ~*~*~tactically~*~*~ (stealth).
  1809 | D:2      | 1809 ||| Stepping ~*~*~tactically~*~*~ (stealth).
  2090 | D:2      | 2090 ||| Stepping ~*~*~tactically~*~*~ (stealth).
  2093 | D:2      | Reached skill level 1 in Throwing
  2190 | D:2      | 2190 ||| READING scroll labelled BUACULLUDYN.
  2191 | D:2      | 2191 ||| READING 3 scrolls labelled FATILA GASUG.
  2192 | D:2      | 2192 ||| READING 2 scrolls of enchant armour.
  2192 | D:2      | 2192 ||| ENCHANTING +1 pair of boots.
  2279 | D:3      | 2279 ||| DROPPING +1 vorpal hand axe.
  2302 | D:3      | Reached skill level 4 in Axes
  2490 | D:3      | Noticed a scorpion
  2497 | D:3      | Killed a scorpion
  2498 | D:3      | Reached XP level 5. HP: 32/32 MP: 5/5
  2893 | D:3      | 2893 ||| Stepping ~*~*~tactically~*~*~ (stealth).
  3045 | D:3      | 3045 ||| UPGRADING to +0 chain mail.
  3055 | D:3      | 3055 ||| DROPPING +0 scale mail.
  3056 | D:3      | 3056 ||| UPGRADING to +2 helmet.
  3061 | D:3      | 3061 ||| READING scroll labelled CUUMOGHIXA.
  3062 | D:3      | 3062 ||| DRINKING 2 glowing inky potions.
  3107 | D:4      | Noticed Menkaure
  3116 | D:4      | Killed Menkaure
  3117 | D:4      | Reached skill level 5 in Axes
  3117 | D:4      | Reached XP level 6. HP: 32/37 MP: 6/6
  3367 | D:4      | 3367 ||| Stepping ~*~*~tactically~*~*~ (stealth).
  3445 | D:4      | Found Nuics's General Store.
  3453 | D:4      | 3453 ||| BUYING potion of lignification (33 gold).
  3453 | D:4      | Bought a potion of lignification for 33 gold pieces
  3453 | D:4      | 3453 ||| SHOPLISTING ring "Joxagguna" {*Corrode rElec rPois
                  | rN+ SInv} (404 gold, have 183).
  3453 | D:4      | 3453 ||| BUYING scroll of identify (22 gold).
  3453 | D:4      | Bought a scroll of identify for 22 gold pieces
  3557 | D:4      | Noticed a black bear
  3565 | D:4      | Killed a black bear
  3613 | D:4      | 3613 ||| Stepping ~*~*~tactically~*~*~ (stealth).
  3619 | D:4      | Noticed a black bear
  3625 | D:4      | Killed a black bear
  3626 | D:4      | Reached skill level 6 in Axes
  3626 | D:4      | Reached XP level 7. HP: 43/44 MP: 7/7
  3634 | D:4      | 3634 ||| DROPPING +0 whip.
  3722 | D:4      | HP: 10/44 [ogre/+0 giant club (15)]
  3727 | D:4      | Mangled by an ogre

Levels and vault maps discovered:
D:1:      pf_arrival_petrified_forest, layout_loops_ring,
          shapermc_ecumenical_altar_rom_forum, minmay_heptomino_o4
D:2:      layout_loops_ring, minmay_misc_feat_roman, minmay_statues_item
D:3:      layout_loops_corners, chequers_serial_rivers_room_b
D:4:      layout_loops_corners, serial_shops, shop,
          hangedman_abyss_or_decor_lesser_grid, uniq_menkaure

Skill      XL: |  1  2  3  4  5  6 |
---------------+-------------------+-----
Axes           | 2 3 4 5 6 |  6.1
Throwing       | 1 |  1.2
Fighting       | 4 |  4.5
Armour         | |  3.2
Shields        | |  3.2

Action                   |  1- 3 |  4- 6 |  7- 9 || total
-------------------------+-------+-------+-------++-------
Melee: War axe           |   138 |    69 |     7 ||   214
Throw: Javelin           |       |    27 |     5 ||    32
  Use: Scroll            |     2 |     4 |       ||     6
       Potion            |       |     1 |       ||     1
Armor: Scale mail        |    66 |    15 |       ||    81
       Chain mail        |       |    28 |     2 ||    30
Dodge: Dodged            |    53 |    21 |     2 ||    76
Block: Buckler           |    24 |    21 |     1 ||    46

Table legend:
 A = Non-vault XP
 B = Vault XP
 C = Vault XP percentage of total XP
 D = Non-vault monster count
 E = Vault monster count
 F = Vault count percentage of total count
                 A         B        C        D         E       F
            +---------+---------+-------+---------+---------+-------
      Total |     541 |     178 |  24.8 |      70 |       5 |   6.7
            +---------+---------+-------+---------+---------+-------
        D:1 |      50 |       6 |  10.7 |      31 |       4 |  11.4
        D:2 |      75 |       0 |   0.0 |      16 |       0 |   0.0
        D:3 |      93 |       0 |   0.0 |       7 |       0 |   0.0
        D:4 |     323 |     172 |  34.7 |      16 |       1 |   5.9
            +---------+---------+-------+---------+---------+-------
